 Dungeon Crawl Stone Soup version 0.31-a0-246-g8cbcc1c (webtiles) character file.

Game seed: 1522123781390729009

1869 Dawnplanks the Grappler (level 8, 0/74 HPs)
             Began as a Troll Shapeshifter on July 12, 2023.
             Was a Follower of Elyvilon.
             Slain by a kobold brigand
             ... wielding a +0 dagger
              (2 damage)
             ... on level 7 of the Dungeon.
             The game lasted 00:17:09 (4632 turns).

Dawnplanks the Grappler (Troll Shapeshifter)        Turns: 4632, Time: 00:17:09

Health: 0/74       AC:  4    Str: 26    XL:     8   Next: 90%
Magic:  7/7        EV:  8    Int:  4    God:    Elyvilon [*.....]
Gold:   377        SH:  0    Dex: 16    Spells: 7/7 levels left

rFire   + .          .
                       - Unarmed
rCold   . . .        (no shield)
rNeg    . . .        a - +0 animal skin
rPois   .            (helmet currently unavailable)
rElec   .            z - melded +0 cloak
rCorr   .            (gloves unavailable)
SInv    .            (boots unavailable)
Will    .....        (no amulet)
Stlth   +            D - +6 ring of dexterity
HPRegen 1.12/turn    j - ring of protection from fire
MPRegen 0.10/turn

%: no passive effects
@: beast-form, grasped by roots, slowed, constricted, very slow
A: beast (slay +4), large, unfitting armour, claws 3, regeneration 1, shaggy fur
1, tough skin 1
a: Renounce Religion, Purification


You were on level 7 of the Dungeon.
You worshipped Elyvilon.
Elyvilon was aware of your devotion.
You were a hulking beast.
You visited 2 branches of the dungeon, and saw 8 of its levels.
You also visited: Sewer.

You collected 377 gold pieces.

Inventory:

Missiles
 n - 2 silver boomerangs
 t - a throwing net
Armour
 a - a +0 animal skin (worn)
 z - a +0 cloak (melded)
Jewellery
 j - a ring of protection from fire (right claw)
 o - a +6 ring of dexterity
 s - a ring of positive energy
 D - a +6 ring of dexterity (left claw)
Talismans
 c - a beast talisman
 y - a serpent talisman
Wands
 B - a wand of flame (13)
Scrolls
 d - 7 scrolls of identify
 f - 2 scrolls of poison {unknown}
 g - 2 scrolls of enchant armour {unknown}
 q - a scroll of immolation {unknown}
 r - a scroll of teleportation {unknown}
 v - a scroll of torment {unknown}
 w - 3 scrolls of fog {unknown}
 x - a scroll of blinking
 A - a scroll of amnesia {unknown}
 C - a scroll of butterflies {unknown}
Potions
 b - 2 potions of lignification
 e - a potion of haste {unknown}
 h - 3 potions of degeneration {unknown}
 i - 2 potions of mutation {unknown}
 k - 5 potions of brilliance {unknown}
 l - 4 potions of heal wounds {unknown}
 m - 2 potions of magic
 p - a potion of cancellation {unknown}
 u - a potion of might {unknown}
 E - a potion of enlightenment {unknown}


   Skills:
 + Level 2.8 Fighting
 + Level 3.7 Dodging
 + Level 8.7 Unarmed Combat
 + Level 5.8 Shapeshifting


You had 7 spell levels left.
You didn't know any spells.
Your spell library contained the following spells:

 Spells                   Type           Power      Damage    Failure   Level
 Scorch                   Fire           0%         2d5       65%         2
 Inner Flame              Hex/Fire       0%         N/A       86%         3
 Tukima's Dance           Hex            0%         N/A       86%         3
 Animate Armour           Summ/Erth      0%         N/A       99%         4
 Flame Wave               Conj/Fire      0%         2d4       99%         4
 Passage of Golubria      Tloc           0%         N/A       99%         4
 Sticky Flame             Conj/Fire      0%         2d3       99%         4
 Yara's Violent Unravell  Hex/Tmut       0%         3d3       100%        5
 Eringya's Noxious Bog    Tmut/Pois      0%         4d6       100%        6
 Summon Cactus Giant      Summ           0%         N/A       100%        6


Dungeon Overview and Level Annotations

Branches:
Dungeon (7/15)             Temple (1/1) D:5           Sewer (visited)

Altars:
Elyvilon
Fedhas
Gozag
Hepliaklqana
Makhleb
Nemelex Xobeh
Ru
Trog
Vehumet
Xom
Yredelemnul
Zin

Shops:
D:3 :   D:4 =   D:5 :

Annotations:
D:7 3 runed translucent doors, Decysan's ghost, novice DjSh


Innate Abilities, Weirdness & Mutations

You are a hulking beast.
Your limbs bulge with bestial killing power. (Slay +4)
You are too large for most types of armour.
You have claws for hands.
Your natural rate of healing is unusually fast.
You are covered in fur. (AC +1)
You have tough skin. (AC +1)


Message History

You mangle the ogre!!
You kill the ogre!
You feel sick. The kobold hits you but does no damage.
The sleepcap releases spores at you but does no damage.
You mangle the orc wizard!!
You kill the orc wizard!
You feel sick. The kobold hits you but does no damage.
The orc wizard zaps a wand.
The roots erupt in riotous growth!
The kobold is unaffected.
The orc wizard is unaffected.
The sleepcap is unaffected.
The grasping roots grab you! The grasping roots constrict you.
The sleepcap closely misses you.
You claw the sleepcap!
The sleepcap is moderately damaged.
You feel sick. The sleepcap releases spores at you.
The kobold brigand hits you with a +0 dagger.
The grasping roots constrict you.
You claw the sleepcap!
The sleepcap is severely damaged.
You feel sick.
You are no longer poisoned.
The kobold hits you but does no damage. The sleepcap releases spores at you.
You are engulfed in a cloud of soporific spores!
You fall asleep.
The kobold brigand hits you with a +0 dagger!
You wake up.
* * * LOW HITPOINT WARNING * * *
Something hits you but does no damage. The orc wizard barely misses you.
The grasping roots constrict you.
* * * LOW HITPOINT WARNING * * *
Something hits you.
* * * LOW HITPOINT WARNING * * *
The sleepcap releases spores at you but does no damage.
The kobold closely misses you.
The orc wizard hits you with a +0 morningstar.
* * * LOW HITPOINT WARNING * * *
The grasping roots constrict you.
* * * LOW HITPOINT WARNING * * *
The kobold brigand hits you with a +0 dagger.
You die...

....... ....... .......
....... ...#...##..K...
#........K.#
##......)...# ###+#
.'....)K....# #<#.##
##.....K############.#..#
#.....o...........#.....
#....ofhK...........##..
#.....K...........#.###.
#.................#.....
#..............########.
...............##∩8. ##
...............#WR○$. #
..............+O.$○8 #
......#.......+c_8$∩# #
.....#.......+S$.$8# #


You could see a kobold brigand, a sleepcap, an orc wizard, an orc and 3 kobolds.

Vanquished Creatures
  A steam dragon (D:6)
  An orc warrior (D:6)
  2 black bears
  A sky beast (D:7)
  4 ogres
  4 bullfrogs
  2 scorpions (D:5)
  A howler monkey (D:5)
  2 hounds
  A jelly (D:4)
  2 orc priests (D:3)
  A gnoll bouda (D:5)
  3 orc wizards
  4 iguanas
  5 gnolls (D:5)
  5 adders
  2 shadow imps
  A white imp (D:5)
  An ufetubus (D:5)
  5 worms
  19 orcs
  3 bats
  15 endoplasms
  16 giant cockroaches
  3 hobgoblins
  14 quokkas
  17 ball pythons
  9 frilled lizards
  6 goblins
  6 kobolds
  2 rats (D:3)
158 creatures vanquished.

Notes
Turn   | Place    | Note
-------+----------+-------------------------------------------
     0 | D:1      | Dawnplanks the Troll Shapeshifter began the quest for the
                  | Orb.
     0 | D:1      | Reached XP level 1. HP: 19/19 MP: 0/0
   252 | D:1      | Reached XP level 2. HP: 28/28 MP: 1/1
   335 | D:1      | Found a faded altar of an unknown god.
   906 | D:2      | Reached XP level 3. HP: 35/35 MP: 2/2
  1446 | D:3      | Reached XP level 4. HP: 29/42 MP: 3/3
  1447 | D:3      | Reached skill level 3 in Unarmed Combat
  1454 | D:3      | Found a sacrificial altar of Ru.
  1531 | D:3      | Found Neixa's Vocational Training.
  1642 | D:3      | Reached XP level 5. HP: 49/49 MP: 4/4
  2239 | D:4      | Reached skill level 4 in Unarmed Combat
  2282 | D:4      | Reached XP level 6. HP: 57/57 MP: 5/5
  2583 | D:4      | Found Fomeg's One-of-a-Kind Rings.
  2736 | D:5      | Entered Level 5 of the Dungeon
  2744 | D:5      | Reached skill level 5 in Unarmed Combat
  2764 | D:5      | Reached XP level 7. HP: 61/65 MP: 6/6
  2877 | D:5      | Reached skill level 6 in Unarmed Combat
  2899 | D:5      | Reached skill level 5 in Shapeshifting
  3032 | D:5      | Found Ytaod's Book Shop.
  3054 | D:5      | Found a staircase to the Ecumenical Temple.
  3063 | Temple   | Entered the Ecumenical Temple
  3089 | Temple   | Became a worshipper of Elyvilon the Healer
  3195 | D:5      | Found a glowing drain.
  3209 | Sewer    | Entered a sewer
  3407 | Sewer    | Reached XP level 8. HP: 32/74 MP: 7/7
  3451 | Sewer    | Got the Codex of the Panacea and the Gathering
  3712 | D:5      | Found a hazy altar of Hepliaklqana.
  3815 | D:5      | Reached skill level 7 in Unarmed Combat
  4051 | D:6      | Reached * piety under Elyvilon
  4313 | D:6      | Noticed an angel
  4314 | D:6      | Found a glowing silver altar of Zin.
  4346 | D:6      | Reached skill level 8 in Unarmed Combat
  4598 | D:7      | Found a runed translucent gate.
  4598 | D:7      | Found a runed translucent gate.
  4598 | D:7      | Found a runed translucent gate.
  4599 | D:7      | Found an opulent altar of Gozag.
  4600 | D:7      | Noticed Decysan's ghost (novice DjSh)
  4600 | D:7      | Noticed a two-headed ogre
  4600 | D:7      | Noticed an efreet
  4632 | D:7      | HP: 2/74 [constriction (2)]
  4632 | D:7      | Slain by a kobold brigand

Illustrated notes

Levels and vault maps discovered:
D:1:      erik_arrival_cave_to_civilisation [erik_arrival_cave_to_hall],
          layout_basic, dreamdust_ecumenical_altar_statues
D:2:      layout_basic
D:3:      layout_loops_cross, mainiacjoe_overflow_brackets, nrook_loot_triangle,
          nicolae_shop_vocational
D:4:      layout_loops_ring, nicolae_shop_unique_rings, abandoned_shop,
          minivault_1
D:5:      layout_loops_cross, nzn_hepliaklqana_mist_gate,
          minmay_temple_entry_enclosed_plants, portal_sewer_entry_f,
          serial_shops, shop
D:6:      layout_basic, zin_angel
D:7:      layout_basic, ebering_ghost_gozag
Temple:   hellmonk_temple_forest_ring

Skill      XL: |  1  2  3  4  5  6  7  8 |
---------------+-------------------------+-----
Shapeshifting  | 4 5 |  5.8
Dodging        | 2 3 |  3.7
Unarmed Combat | 3 4 5 6 8 |  8.7
Fighting       | 2 |  2.8

Action                     |  1- 3 |  4- 6 |  7- 9 || total
---------------------------+-------+-------+-------++-------
  Melee: Unarmed           |    61 |    95 |   148 ||   304
         Punch             |     1 |       |     4 ||     5
    Use: Scroll            |       |       |     1 ||     1
   Stab: Sleeping          |       |     3 |       ||     3
 Armour: Animal skin       |    14 |    16 |    36 ||    66
  Dodge: Dodged            |    21 |    30 |    78 ||   129
   Form: Beast             |       |     1 |     2 ||     3
                           |       |     1 |     1 ||     2
         Anaconda          |       |       |     1 ||     1

Table legend: (Time is in decaauts)
 A = Elapsed time spent in this place.
 B = Non-inter-level travel time spent in this place.
 C = Inter-level travel time spent in this place.
 D = Time resting spent in this place.
 E = Time spent auto-exploring this place.
 F = Levels seen in this place.
 G = Mean time per level.
                   A        B        C        D        E       F      G
               +--------+--------+--------+--------+--------+-----+--------+
         Total |   4600 |   4195 |    405 |     26 |   3359 |   9 |  511.1 |
       Dungeon |   4309 |   3916 |    393 |     26 |   3227 |   7 |  615.6 |
        Temple |     37 |     25 |     12 |      0 |     19 |   1 |   37.0 |
         Sewer |    253 |    253 |      0 |      0 |    113 |   1 |  253.0 |
               +--------+--------+--------+--------+--------+-----+--------+

Top non-repeatable levels by time:
     D:5: 907 daAuts
     D:1: 876 daAuts
     D:3: 657 daAuts
     D:4: 632 daAuts
     D:2: 561 daAuts
     D:6: 522 daAuts
   Sewer: 253 daAuts
     D:7: 152 daAuts
  Temple: 37 daAuts
